 Dungeon Crawl Stone Soup version 0.27-a0-1189-gb8eb6cee8e (webtiles) character file.

Game seed: 9816909987276743827

34 leviel the Chopper (level 3, -3/31 HPs)
             Began as a Hill Orc Fighter on May 22, 2021.
             Was an Initiate of the Shining One.
             Killed by an exploding ball python (34 damage)
             ... ignited by their inner flame
             ... on level 2 of the Dungeon.
             The game lasted 00:01:05 (958 turns).

leviel the Chopper (Hill Orc Fighter)                Turns: 958, Time: 00:01:06

Health: -3/31      AC:  6    Str: 19    XL:     3   Next: 31%
Magic:  3/3        EV:  7    Int:  8    God:    the Shining One [......]
Gold:   69         SH:  9    Dex: 10    Spells: 2/2 levels left

rFire    . . .     SeeInvis .   a - +0 war axe
rCold    . . .     Faith    .   c - +0 kite shield
rNeg     . . .     Spirit   .   b - +0 scale mail
rPois    .         Reflect  .   (no helmet)
rElec    .         Harm     .   (no cloak)
rCorr    .         Rampage  .   (no gloves)
Will     .....                  (no boots)
Stlth    ..........             (no amulet)
HPRegen  0.10/turn              (no ring)
MPRegen  0.08/turn              (no ring)

@: glowing
A: no striking features
a: Renounce Religion


You were on level 2 of the Dungeon.
You worshipped the Shining One.
The Shining One was noncommittal.
You visited 1 branch of the dungeon, and saw 2 of its levels.

You collected 69 gold pieces.

Inventory:

Hand Weapons
 a - a +0 war axe (weapon)
Armour
 b - a +0 scale mail (worn)
 c - a +0 kite shield (worn)
Scrolls
 f - a scroll of identify {@r1}
Potions
 d - a potion of might
 g - a potion of flight


   Skills:
 - Level 3.6 Fighting
 + Level 4.9 Axes
 - Level 3.2 Armour
 - Level 3.2 Shields


You had 2 spell levels left.
You didn't know any spells.
Your spell library was empty.

Dungeon Overview and Level Annotations

Branches:
Dungeon (2/15)

Altars:
The Shining One


Message History

No target in view!
No target in view!
No target in view!
No target in view!
No target in view!
No target in view!
No target in view!
No target in view!
No target in view!
No target in view!
No target in view!
Unknown command.
No target in view!
No target in view!
No target in view!
No target in view!
No target in view!
No target in view!
No target in view!
No target in view!
No target in view!
No target in view!
No target in view!
Found a dagger.
A ball python comes into view.
A ball python is nearby!
A ball python is nearby!
A ball python is nearby!
As you read the scroll labelled FYRUIXK GANI, it crumbles to dust.
The creatures around you are filled with an inner flame!
It was a scroll of immolation.
As you read the scroll labelled LEFRELINAA, it crumbles to dust.
It is a scroll of identify.
g - a potion of flight Nothing quivered!
You slash the ball python!
The ball python explodes!
The fiery explosion engulfs you!!
Ouch! That really hurt!
You die...

........####.##
#<......# #.......# .
#.......# .. #
####.._....# ...##.
###..........#
..)...###....#.......#
......?......##(.#####
###...§@§.†..#..##
#...§§#......##
#####.§.....##
##.....## #....##
#..#.# #..#.. ..# .#


There were no monsters in sight!

Vanquished Creatures
  A worm (D:2)
  6 endoplasms (D:1)
  3 goblins (D:1)
  2 hobgoblins (D:1)
  3 jackals (D:1)
  A kobold (D:1)
  A quokka (D:1)
  4 ball pythons
  A bat (D:1)
  A frilled lizard (D:1)
  6 rats
29 creatures vanquished.

Notes
Turn   | Place    | Note
-------+----------+-------------------------------------------
     0 | D:1      | leviel the Hill Orc Fighter began the quest for the Orb.
     0 | D:1      | Reached XP level 1. HP: 19/19 MP: 1/1
    32 | D:1      | Reached skill level 3 in Axes
    96 | D:1      | Reached XP level 2. HP: 16/26 MP: 2/2
   341 | D:1      | Reached skill level 4 in Axes
   415 | D:1      | Found a faded altar of an unknown god.
   565 | D:1      | Reached XP level 3. HP: 30/31 MP: 3/3
   918 | D:2      | Found a glowing golden altar of the Shining One.
   930 | D:2      | Became a worshipper of the Shining One
   958 | D:2      | Killed by an exploding ball python... ignited by their
                  | inner flame

Illustrated notes

Levels and vault maps discovered:
D:1:      wheals_arrival_shading, layout_loops_cross,
          chequers_ecumenical_altar_simple_redux
D:2:      layout_rooms, basic_altar

Skill      XL: |  1  2 |
---------------+-------+-----
Axes           | 3 4 |  4.9
Fighting       | |  3.6
Armour         | |  3.2
Shields        | |  3.2

Action                   || total
-------------------------++-------
Melee: War axe           ||    57
  Use: Scroll            ||     2
Armor: Scale mail        ||    21
Dodge: Dodged            ||    13
Block: Kite shield       ||    29

Table legend: (Time is in decaauts)
 A = Elapsed time spent in this place.
 B = Non-inter-level travel time spent in this place.
 C = Inter-level travel time spent in this place.
 D = Time resting spent in this place.
 E = Time spent auto-exploring this place.
 F = Levels seen in this place.
 G = Mean time per level.
                   A        B        C        D        E       F      G
               +--------+--------+--------+--------+--------+-----+--------+
         Total |    988 |    946 |     42 |    120 |    674 |   2 |  494.0 |
       Dungeon |    988 |    946 |     42 |    120 |    674 |   2 |  494.0 |
               +--------+--------+--------+--------+--------+-----+--------+

Top non-repeatable levels by time:
     D:1: 944 daAuts
     D:2: 43 daAuts
